 Dungeon Crawl Stone Soup version 0.27-a0-1230-gfc7c993222 (webtiles) character file.

Game seed: 3164293511745379124

66 Bnni the Slasher (level 3, 0/28 HPs)
             Began as a Demonspawn Gladiator on June 8, 2021.
             Was an Initiate of Ashenzari.
             Succumbed to an adder's poison
             ... on level 3 of the Dungeon.
             The game lasted 00:03:32 (2273 turns).

Bnni the Slasher (Demonspawn Gladiator)             Turns: 2273, Time: 00:03:32

Health: 0/28       AC:  3    Str: 14    XL:     3   Next: 96%
Magic:  3/3        EV: 12    Int:  9    God:    Ashenzari [......]
Gold:   118        SH:  4    Dex: 15    Spells: 2/2 levels left

rFire    . . .     SeeInvis .   a - +0 long sword
rCold    + . .     Faith    .   (no shield)
rNeg     . . .     Spirit   .   b - +0 leather armour
rPois    .         Reflect  .   (helmet restricted)
rElec    .         Harm     .   (no cloak)
rCorr    .         Rampage  .   (no gloves)
Will     .....                  (no boots)
Stlth    +.........             (no amulet)
HPRegen  0.09/turn              (no ring)
MPRegen  0.08/turn              (no ring)

@: lethally poisoned (0 -> -3)
A: large bone plates 1, powered by death 1, hooves 1, horns 1, cold resistance
1, inhibited regeneration
a: Renounce Religion


You were on level 3 of the Dungeon.
You worshipped Ashenzari.
Ashenzari was noncommittal.
You visited 1 branch of the dungeon, and saw 3 of its levels.

You collected 118 gold pieces.

Inventory:

Hand Weapons
 a - a +0 long sword (weapon)
 j - a +0 trident
Missiles
 n - 7 javelins (quivered)
Armour
 b - a +0 leather armour (worn)
Wands
 m - a wand of iceblast (5)
Scrolls
 e - a scroll of enchant armour
 f - a scroll of magic mapping
 h - a scroll of fog
 k - 2 scrolls of teleportation
 l - a scroll of fear
Potions
 i - 3 potions of haste


   Skills:
 + Level 2.8 Fighting
 * Level 3.9 Long Blades
 - Level 1.7 Throwing
 + Level 2.8 Dodging


You had 2 spell levels left.
You didn't know any spells.
Your spell library contained the following spells:

 Spells                   Type           Power      Damage    Failure   Level
 Summon Small Mammal      Summ           0%         N/A       45%         1
 Call Imp                 Summ           0%         N/A       61%         2
 Call Canine Familiar     Summ           0%         N/A       83%         3
 Summon Guardian Golem    Hex/Summ       0%         N/A       83%         3
 Summon Ice Beast         Ice/Summ       0%         N/A       99%         4
 Summon Lightning Spire   Summ/Air       0%         N/A       99%         4


Dungeon Overview and Level Annotations

Branches:
Dungeon (3/15)

Altars:
Ashenzari

Shops:
D:1 [


Innate Abilities, Weirdness & Mutations

You are partially covered in large bone plates. (SH +4)
You regenerate a little health from kills.
You have large cloven feet.
You have a pair of small horns on your head.
Your flesh is cold resistant. (rC+)
You do not regenerate when monsters are visible.


Message History

Aim: an adder (severely wounded, 40% to hit)
You throw a throwing net.
The throwing net barely misses the adder.
You feel sick. The adder bites you.
* * * LOW HITPOINT WARNING * * *
Throw: throwing net
Press: ? - help, Q - select action, (/) - cycle Shift-Dir - straight line, f/p - adder
Aim: an adder (severely wounded, 40% to hit)
You throw a throwing net.
The throwing net barely misses the adder.
The adder completely misses you.
Throw: 8 javelins
Press: ? - help, Q - select action, (/) - cycle Shift-Dir - straight line, f/p - adder
Aim: an adder (severely wounded, 40% to hit)
You throw a javelin. The javelin barely misses the adder.
You feel sick.
You are no longer poisoned.
The adder bites you.
* * * LOW HITPOINT WARNING * * *
You are lethally poisoned!
The adder poisons you! The adder barely misses you.
Okay, then.
You hit the adder.
You kill the adder!
* * * LOW HITPOINT WARNING * * *
You feel sick.
Unknown command.
Really quaff the potion of mutation?
You feel extremely strange.
You feel resistant to cold.
Your regeneration stops near monsters.
A pair of horns grows on your head!
The cursed +0 helmet "Loss of the Lashed Sage" {Fort, Cun} falls away, shattering the curse!
Your feet thicken and deform.
* * * LOW HITPOINT WARNING * * *
You feel sick.
Unknown command.
There is a lethal amount of poison in your body!
* * * LOW HITPOINT WARNING * * *
You feel sick.
You die...

#.... #...##...#
#...##...##
##...#8...8#
....##..(#
#...##.†.# ##
#...##...## #.
#...#8...8#
#.###...##@..####
##.#...............
#....###.##...#####
###.#.## ###8...8#
#.....####.##...##
###..........##...#
.......<.....##...#
#..........).#8...8
#.#..........#
.$.##


There were no monsters in sight!

Vanquished Creatures
  3 adders
  A worm (D:2)
  A dart slug (D:1)
  5 endoplasms
  2 giant cockroaches (D:2)
  4 hobgoblins
  3 quokkas
  3 ball pythons (D:1)
  4 bats
  A frilled lizard (D:1)
  5 goblins
  A rat (D:1)
33 creatures vanquished.

Notes
Turn   | Place    | Note
-------+----------+-------------------------------------------
     0 | D:1      | Bnni the Demonspawn Gladiator began the quest for the Orb.
     0 | D:1      | Reached XP level 1. HP: 16/16 MP: 1/1
   107 | D:1      | Reached skill level 3 in Long Blades
   110 | D:1      | Gained mutation: You are partially covered in large bone
                  | plates. (SH +4) [demonic ancestry]
   110 | D:1      | Reached XP level 2. HP: 3/22 MP: 2/2
   650 | D:1      | Found Eliumm's Antique Armour Shoppe.
  1231 | D:2      | Found a faded altar of an unknown god.
  1274 | D:2      | Became a worshipper of Ashenzari the Shackled
  1276 | D:2      | Gained mutation: You regenerate a little health from kills.
                  | [demonic ancestry]
  1276 | D:2      | Reached XP level 3. HP: 4/28 MP: 3/3
  2271 | D:3      | Gained mutation: Your flesh is cold resistant. (rC+)
                  | [potion of mutation]
  2271 | D:3      | Gained mutation: You do not regenerate when monsters are
                  | visible. [potion of mutation]
  2271 | D:3      | Gained mutation: You have a pair of small horns on your
                  | head. [potion of mutation]
  2271 | D:3      | Gained mutation: You have large cloven feet. [potion of
                  | mutation]
  2272 | D:3      | HP: 1/28 [poisoned by an adder]
  2273 | D:3      | Succumbed to an adder's poison

Illustrated notes

Levels and vault maps discovered:
D:1:      minmay_arrival_solitary_statue, layout_basic, serial_shops, shop,
          st_stairs_3
D:2:      layout_loops_ring, chequers_ecumenical_altar_island, kennysheep_donut
D:3:      cheibrodos_greedy_goblins, layout_rooms, serial_corexii_hall,
          corexii_hall_statues_t, corexii_hall_statues_t,
          corexii_hall_statues_x, chequers_serial_rivers_large_a,
          serial_bayou_pond_a, uniq_robin, uniq_sigmund

Skill      XL: |  1 |
---------------+----+-----
Long Blades    | 3 |  3.9
Fighting       | |  2.8
Throwing       | |  1.7
Dodging        | |  2.8

Action                   || total
-------------------------++-------
Melee: Long sword        ||   112
Throw: Throwing net      ||     4
       Javelin           ||     1
Invok: Curse Item        ||     1
  Use: Potion            ||     1
 Stab: Sleeping          ||     3
       Held in net/web   ||     1
Armor: Leather armour    ||    33
Dodge: Dodged            ||    87
Block: Other             ||    23
       Rpst.: Long sword ||    36

Table legend: (Time is in decaauts)
 A = Elapsed time spent in this place.
 B = Non-inter-level travel time spent in this place.
 C = Inter-level travel time spent in this place.
 D = Time resting spent in this place.
 E = Time spent auto-exploring this place.
 F = Levels seen in this place.
 G = Mean time per level.
                   A        B        C        D        E       F      G
               +--------+--------+--------+--------+--------+-----+--------+
         Total |   2307 |   2258 |     49 |    489 |   1470 |   3 |  769.0 |
       Dungeon |   2307 |   2258 |     49 |    489 |   1470 |   3 |  769.0 |
               +--------+--------+--------+--------+--------+-----+--------+

Top non-repeatable levels by time:
     D:1: 1210 daAuts
     D:2: 1061 daAuts
     D:3: 34 daAuts
